 Dungeon Crawl Stone Soup version 0.13-a0-2174-g3a0f4b0 (webtiles) character file.

437 JacquesDerrida the Archer (level 5, -4/41 HPs)
             Began as a Centaur Hunter on July 1, 2013.
             Was an Initiate of Okawaru.
             Killed from afar by Fv001's ghost (6 damage)
             ... with a blast of negative energy
             ... on Level 4 of the Dungeon.
             The game lasted 00:10:22 (3667 turns).

JacquesDerrida the Archer (Centaur Hunter)          Turns: 3667, Time: 00:10:22

HP  -4/41        AC  4     Str 14      XL: 5   Next: 97%
MP   3/3         EV  9     Int 12      God: Okawaru [......]
Gold 174         SH  0     Dex 10      Spells:  0 memorised,  4 levels left

Res.Fire  : . . .   See Invis. : .   b - +1 bow
Res.Cold  : . . .   Warding    : .   d - +0 leather armour
Life Prot.: . . .   Conserve   : .   (no shield)
Res.Poison: .       Res.Corr.  : .   g - +0 cap
Res.Elec. : .       Clarity    : .   (no cloak)
Sust.Abil.: . .     Spirit.Shd : .   (no gloves)
Res.Mut.  : .       Stasis     : .   (no barding)
Res.Rott. : .       Flight     : .   (no amulet)
Saprovore : . . .                    (no ring)
                                     (no ring)

@: very quick, slightly resistant to hostile enchantments, extremely unstealthy
A: hooves 3, deformed body, herbivore 1, speed 2, fast metabolism 1, tough skin
3
a: Renounce Religion


You were on level 4 of the Dungeon.
You worshipped Okawaru.
Okawaru was noncommittal.
You were hungry.

You visited 2 branches of the dungeon, and saw 5 of its levels.

You collected 154 gold pieces.

Inventory:

Hand weapons
 a - a +2,+0 dagger of venom
 b - a +1,+1 bow (weapon)
 h - a +0,+0 short sword
Missiles
 c - 63 arrows (quivered)
 n - a throwing net
Armour
 d - a +0 leather armour (worn)
 g - a +0 cap (worn)
Comestibles
 f - 5 bread rations
 q - an apple
 t - a meat ration
 v - a chunk of orc flesh
Scrolls
 e - a scroll of curse jewellery {unknown}
 i - 2 scrolls of remove curse {unknown}
 k - a scroll of random uselessness {unknown}
 l - 3 scrolls of identify {unknown}
 m - 2 scrolls of recharging {unknown}
 p - 2 scrolls of fear {unknown}
 r - a scroll of fog {unknown}
 w - a scroll of noise {unknown}
Potions
 j - a potion of magic
 o - a potion of speed {unknown}


   Skills:
 - Level 1.0 Fighting
 + Level 9.8 Bows
 - Level 1.3 Dodging
 - Level 0.5 Stealth


You had 4 spell levels left.
You didn't know any spells.

Dungeon Overview and Level Annotations

Branches:
Dungeon (4/27)             Temple (1/1) D:4

Altars:
Cheibriados
Elyvilon
Fedhas
Kikubaaqudgha
Makhleb
Okawaru
Sif Muna
Trog
Vehumet
Zin
the Shining One

Annotations
D:4 Fv001's ghost, experienced DrFi


Innate Abilities, Weirdness & Mutations

You have hooves in place of feet.
Armour fits poorly on your strangely shaped body.
You digest meat inefficiently.
You cover ground very quickly.
You have a fast metabolism.
You have extremely tough skin (AC +3).


Message History

Fv001's ghost is heavily damaged.
Fv001's ghost breathes negative energy at you.
The blast of negative energy hits you!
You feel drained.
Firing (i - inventory. (,) - cycle):
c - 64 arrows (quivered)
Press: ? - help, Shift-Dir - straight line, f/p - Fv001's ghost
Aim: Fv001's ghost (heavily damaged)
You shoot an arrow. The arrow hits Fv001's ghost.
Fv001's ghost is heavily damaged.
Drink which item? (? for menu, Esc to quit)
You feel better.
Fv001's ghost breathes negative energy at you.
The blast of negative energy hits you!
You feel drained.
* * * LOW HITPOINT WARNING * * *
Drink which item? (? for menu, Esc to quit)
You feel refreshed.
It was a potion of restore abilities.
Fv001's ghost breathes negative energy at you.
The blast of negative energy hits you!
You feel drained.
You are now level 5!
* * * LOW HITPOINT WARNING * * *
You die...

#.........................
#.........................
#...b...........).........
#............(............
#.........................
#..........<..............
##....)...%...............
#.............>....>..(..
######..@.p(((((.....((.(
##....###...........
#....# #...........
#.....# ###.........
#...### #......... #....#
####...... #...## #......
#...# ####.. ###


You could see Fv001's ghost.

Vanquished Creatures
  An ogre (D:4)
  An orc priest (D:3)
  A worker ant (D:4)
  Jessica (D:3)
  7 adders
  2 worms
  3 giant geckos
  An ooze (D:1)
  6 orcs
  A ball python (D:1)
  5 giant cockroaches
  9 goblins
  5 hobgoblins
  3 quokkas
  5 bats
  2 giant newts
  17 jackals
  5 kobolds
  6 rats
  A butterfly (D:4)
82 creatures vanquished.

Notes
Turn   | Place    | Note
--------------------------------------------------------------
     0 | D:1      | JacquesDerrida, the Centaur Hunter, began the quest for the Orb.
     0 | D:1      | Reached XP level 1. HP: 17/17 MP: 0/0
   507 | D:1      | Reached XP level 2. HP: 9/24 MP: 1/1
   517 | D:1      | Reached skill level 6 in Bows
  1327 | D:2      | Reached XP level 3. HP: 24/29 MP: 2/2
  1439 | D:2      | Reached skill level 7 in Bows
  1602 | D:2      | Reached XP level 4. HP: 16/36 MP: 2/2
  2026 | D:2      | Found a bloodstained altar of Trog.
  2250 | D:2      | Found a glowing silver altar of Zin.
  2257 | D:2      | Found an ancient bone altar of Kikubaaqudgha.
  2522 | D:3      | Reached skill level 8 in Bows
  2805 | D:3      | Noticed Jessica
  2807 | D:3      | Killed Jessica
  2807 | D:3      | Reached XP level 5. HP: 36/41 MP: 3/3
  3272 | D:3      | Reached skill level 9 in Bows
  3380 | D:4      | Found a staircase to the Ecumenical Temple.
  3380 | D:4      | Noticed an ogre
  3395 | D:4      | Killed an ogre
  3395 | D:4      | Reached XP level 6. HP: 39/48 MP: 4/4
  3436 | Temple   | Entered the Ecumenical Temple
  3516 | Temple   | Became a worshipper of Warmaster Okawaru
  3643 | D:4      | Noticed Fv001's ghost (experienced DrFi)
  3667 | D:4      | HP: 2/48 [drained]
  3667 | D:4      | Reached XP level 5. HP: 2/41 MP: 3/3
  3667 | D:4      | Killed from afar by Fv001's ghost

Action                   |  1- 3 |  4- 6 || total
-------------------------+-------+-------++-------
Melee: Short sword       |   131 |   112 ||   243
       Dagger            |       |    12 ||    12
 Fire: Bow               |    21 |    49 ||    70
  Use: Potion            |       |     6 ||     6
